 Dungeon Crawl Stone Soup version 0.30-a0-996-ga6910c8ee8 (webtiles) character file.

Game seed: 9496572661232357162

88 Maxmaps the Changer (level 4, -1/31 (32) HPs)
             Began as a Demonspawn Transmuter on Apr 4, 2023.
             Constricted to death by Natasha (3 damage)
             ... on level 3 of the Dungeon.
             The game lasted 00:03:32 (2000 turns).

Maxmaps the Changer (Demonspawn Transmuter)         Turns: 2000, Time: 00:03:33

HP:   -1/31 (32)    AC:  2    Str: 11    XL:     4   Next: 30%
MP:   14/16         EV: 16    Int: 20    God:
Gold: 114           SH:  4    Dex: 18    Spells: 3/7 levels left

rFire   . . .      SeeInvis .      - Unarmed
rCold   . . .      Faith    .    (shield currently unavailable)
rNeg    . . .      Spirit   .    n - melded +1 robe "Veroadok" {rCorr Dex+2 Archmagi}
rPois   x          Reflect  .    (helmet currently unavailable)
rElec   .          Rampage  .    (cloak currently unavailable)
rCorr   .                        (gloves currently unavailable)
Will    .....                    (boots currently unavailable)
Stlth   ++                       (no amulet)
HPRegen 0.25/turn                a - ring of magical power
MPRegen 0.15/turn                (no ring)

@: spider-form, grasped by roots, slowed, constricted, lightly drained, very
slow
A: venomous fangs, tiny, big brain 2, condensation shield
a: End Transformation


You were on level 3 of the Dungeon.
You were a venomous arachnid creature.
You visited 1 branch of the dungeon, and saw 3 of its levels.

You collected 114 gold pieces.

Inventory:

Armour
 f - a +0 buckler
 n - the +1 robe "Veroadok" (melded) {rCorr Dex+2 Archmagi}
   (You found it on level 2 of the Dungeon)

   Dex:       It affects your dexterity (+2).
   rCorr:     It protects you from acid and corrosion.
   Archmagi:  It increases the power of your magical spells.
Jewellery
 a - a ring of magical power (left front pincers)
Scrolls
 b - 4 scrolls of identify {unknown}
 c - 2 scrolls of acquirement {unknown}
 e - a scroll of teleportation {unknown}
 h - a scroll of brand weapon {unknown}
 l - a scroll of noise {unknown}
 m - a scroll of blinking {unknown}
Potions
 d - 2 potions of might {unknown}
 g - a potion of heal wounds {unknown}
 i - a potion of curing {unknown}
 j - 3 potions of degeneration {unknown}
 k - a potion of resistance {unknown}


   Skills:
 - Level 1.0 Fighting
 - Level 1.7 Dodging
 - Level 2.6 Unarmed Combat
 - Level 2.0 Spellcasting
 - Level 3.3 Transmutations
 + Level 2.5 Poison Magic


You had 3 spell levels left.
You knew the following spells:

 Your Spells              Type           Power      Damage    Failure   Level
a - Beastly Appendage     Tmut           30%        N/A       13%         1
b - Spider Form           Tmut/Pois      13%        N/A       32%         3

Your spell library contained the following spells:

 Spells                   Type           Power      Damage    Failure   Level
 Wereblood                Tmut           15%        N/A       17%         2
 Ice Form                 Ice/Tmut       8%         N/A       82%         4


Dungeon Overview and Level Annotations

Branches:
Dungeon (3/15)

Altars:

Annotations:
D:3 Natasha


Innate Abilities, Weirdness & Mutations

You are a venomous arachnid creature.
You have venomous fangs.
You are tiny and dextrous.
Your spellcasting is less reliable in this form.
Your armour is entirely melded.
You are incapable of wielding weapons or throwing items.
You have an extremely huge brain. (Int +4)
A meltable shield of frost defends you. (SH +4)


Message History

A frilled lizard comes into view.
There are monsters nearby!
The frilled lizard hisses angrily.
You hit Natasha. Your kick misses Natasha. You headbutt Natasha.
Natasha is heavily wounded.
Natasha claws you.
Casting: Beastly Appendage (safe; 4% risk of failure)
Confirm with . or Enter, or press ? or * to list all spells.
The spell is quite dangerous to miscast (14% risk of failure)!
Continue anyway?
You feel a surge of power!
Your horns disappear.
Your talons disappear.
You turn into a venomous arachnid creature.
The +1 robe "Veroadok" {rCorr Dex+2 Archmagi} melds into your body.
Natasha stares at you and mumbles some strange words.
You feel yourself slow down.
You closely miss Natasha.
Natasha is heavily wounded.
Natasha completely misses you.
Natasha zaps a wand.
The roots erupt in riotous growth!
The grasping roots grab you!
Natasha is unaffected.
The grasping roots constrict you.
You closely miss Natasha.
Natasha is heavily wounded.
Natasha wildly gestures.
Natasha shimmers violently.
You block Natasha's attack. The grasping roots constrict you.
You closely miss Natasha.
Natasha is heavily wounded.
Natasha completely misses you. The grasping roots constrict you.
The grasping roots release their grip on you.
Unknown command.
You are too injured to fight recklessly!
You hit Natasha.
Natasha is poisoned.
Natasha is severely wounded.
Natasha zaps a wand.
The roots erupt in riotous growth!
The grasping roots grab you!
Natasha is unaffected.
The grasping roots constrict you. Natasha claws you!
* * * LOW HITPOINT WARNING * * *
The grasping roots constrict you.
You die...

♣~~ ♣~~~..
#.##.# ##. .
#.##.#
#######.##.#
...........#
.######.####
#.# #.# #.#
#s# #h# #wl#
.....
#(!..###
#...# #>#.
###. #.


You could see Natasha (very poisoned), a dart slug and a frilled lizard.

Vanquished Creatures
  Natasha (D:3)
  A gnoll (D:1)
  A worm (D:2)
  An orc (D:3)
  7 endoplasms
  A giant cockroach (D:1)
  3 goblins (D:1)
  7 hobgoblins
  2 quokkas
  7 ball pythons
  6 bats
  4 frilled lizards
  3 kobolds
  5 rats
49 creatures vanquished.

Vanquished Creatures (others)
  31 plants (D:3)
31 creatures vanquished.

Grand Total: 80 creatures vanquished

Notes
Turn   | Place    | Note
-------+----------+-------------------------------------------
     0 | D:1      | Maxmaps the Demonspawn Transmuter began the quest for the
                  | Orb.
     0 | D:1      | Reached XP level 1. HP: 15/15 MP: 3/3
    72 | D:1      | Reached skill level 2 in Transmutations
   170 | D:1      | Gained mutation: You have an unusually large brain. (Int
                  | +2) [demonic ancestry]
   170 | D:1      | Reached XP level 2. HP: 18/21 MP: 5/5
   533 | D:1      | Reached skill level 3 in Transmutations
   638 | D:1      | Gained mutation: A meltable shield of frost defends you.
                  | (SH +4) [demonic ancestry]
   638 | D:1      | Reached XP level 3. HP: 26/26 MP: 4/6
   642 | D:1      | Learned a level 3 spell: Spider Form
  1315 | D:2      | Reached skill level 1 in Poison Magic
  1357 | D:2      | Found a faded altar of an unknown god.
  1505 | D:2      | Identified the +1 robe "Veroadok" {rCorr Dex+2 Archmagi}
  1600 | D:3      | Noticed Natasha
  1606 | D:3      | Killed Natasha
  1607 | D:3      | Gained mutation: You have an extremely huge brain. (Int +4)
                  | [demonic ancestry]
  1607 | D:3      | Reached XP level 4. HP: 26/32 MP: 3/7
  1992 | D:3      | Noticed Natasha
  2000 | D:3      | Constricted to death by Natasha

Illustrated notes

Levels and vault maps discovered:
D:1:      dpeg_arrival_round_a, layout_loops_cross
D:2:      layout_rooms, hellmonk_ecumenical_altar_crossroads,
          kennysheep_generic_room_13
D:3:      layout_basic, serial_bayou_lake_a, uniq_crazy_yiuf_cottage,
          uniq_natasha, uniq_sigmund

Skill      XL: |  1  2  3 |
---------------+----------+-----
Transmutations | 2 3 |  3.3
Poison Magic   | 2 |  2.5
Fighting       | |  1.0
Dodging        | |  1.7
Unarmed Combat | |  2.6
Spellcasting   | |  2.0

Action                     |  1- 3 |  4- 6 || total
---------------------------+-------+-------++-------
  Melee: Unarmed           |   111 |    38 ||   149
         Kick              |    18 |     4 ||    22
         Headbutt          |    11 |     5 ||    16
         Punch             |       |     1 ||     1
   Cast: Beastly Appendage |    19 |     9 ||    28
         Spider Form       |     1 |     1 ||     2
    Use: Potion            |     1 |       ||     1
   Stab: Sleeping          |     1 |       ||     1
 Armour: Robe              |    17 |     4 ||    21
         Skin              |     4 |       ||     4
  Dodge: Dodged            |    51 |    16 ||    67
  Block: Other             |    13 |    11 ||    24

Table legend: (Time is in decaauts)
 A = Elapsed time spent in this place.
 B = Non-inter-level travel time spent in this place.
 C = Inter-level travel time spent in this place.
 D = Time resting spent in this place.
 E = Time spent auto-exploring this place.
 F = Levels seen in this place.
 G = Mean time per level.
                   A        B        C        D        E       F      G
               +--------+--------+--------+--------+--------+-----+--------+
         Total |   2012 |   1991 |     21 |    193 |   1376 |   3 |  670.7 |
       Dungeon |   2012 |   1991 |     21 |    193 |   1376 |   3 |  670.7 |
               +--------+--------+--------+--------+--------+-----+--------+

Top non-repeatable levels by time:
     D:1: 1130 daAuts
     D:2: 463 daAuts
     D:3: 418 daAuts
